 Dungeon Crawl Stone Soup version 0.19-a0-1127-gac58878 (webtiles) character file.

590947 4thArraOfDagon the Wrestler (level 25, 0/327 (330) HPs)
             Began as a Troll Artificer on Aug 11, 2016.
             Was the Champion of Makhleb.
             Killed from afar by a rakshasa (illusionary) (28 damage)
             ... with an orb of energy
             ... in Pandemonium on Aug 12, 2016.
             The game lasted 02:56:07 (25995 turns).

4thArraOfDagon the Wrestler (Troll Artificer)      Turns: 25995, Time: 02:56:08

HP:   0/327 (330)   AC: 27    Str: 25      XL:     25   Next: 5%
MP:   17/22         EV: 16    Int: 15 (18) God:    Makhleb [******]
Gold: 2180          SH: 25    Dex: 12      Spells: 8 memorised, 18 levels left

rFire  + + .     SeeInvis .       - Unarmed
rCold  + . .     Gourm    +     (armour currently unavailable)
rNeg   + + +     Faith    .     O - +4 large shield "Ycwusom" {rElec}
rPois  ∞         Spirit   .     H - -2 hat of the Alchemist {rElec rPois rF+ rC+ rN+ MR+ rMut rCorr}
rElec  +         Dismiss  .     l - +2 cloak
rCorr  +         Reflect  .     (gloves unavailable)
rMut   +         Harm     +     (boots unavailable)
SustAt .                        Y - amulet of Disaster {Harm *Drain rN+ Int+3 Dex+5}
MR     ++...                    q - ring of wizardry
Stlth  ++........               K - ring "Wovab" {rF+ rN++ Dex-3 Stlth+}

@: statue-form, studying Throwing, very slow
A: unfitting armour, antennae 1, claws 3, talons 1, repulsion field 1,
(iridescent scales 0), blink, deformed body, fast metabolism 3, gourmand, low mp
3, regeneration 2, (shaggy fur 0), (tough skin 0), weak 1, no device heal 1
a: End Transformation, Blink, Minor Destruction, Lesser Servant of Makhleb,
Major Destruction, Greater Servant of Makhleb, Renounce Religion
}: 5/15 runes: decaying, serpentine, slimy, silver, golden


You were in Pandemonium.
You worshipped Makhleb.
Makhleb was exalted by your worship.
You were not hungry.
You were a stone statue.
You visited 12 branches of the dungeon, and saw 55 of its levels.
You visited Pandemonium 1 time, and saw 6 of its levels.
You also visited: Labyrinth and Ice Cave.

You collected 4209 gold pieces.
You spent 2029 gold pieces at shops.

Inventory:

Missiles
 m - 3 throwing nets
 D - 7 poisoned javelins
 L - 42 large rocks (quivered)
Armour
 l - a +2 cloak (worn)
 t - a +2 robe of the Archmagi (melded)
 H - the -2 hat of the Alchemist (worn) {rElec rPois rF+ rC+ rN+ MR+ rMut rCorr}
   (You found it on level 3 of the Tomb of the Ancients)

   It protects you from fire.
   It protects you from cold.
   It insulates you from electricity.
   It protects you from poison.
   It protects you from negative energy.
   It affects your resistance to hostile enchantments.
   It protects you from acid and corrosion.
   It protects you from mutation.
 O - the +4 large shield "Ycwusom" (worn) {rElec}
   (You took it off Louise on level 1 of the Elven Halls)

   It insulates you from electricity.
Magical Staves
 M - an uncursed staff of earth
Rods
 Q - a +2 rod of shadows (12/12)
   (You took it off a vault warden on level 5 of the Vaults)
 X - a +4 rod of ignition (9/9)
   (You found it on level 5 of the Pits of Slime)
Jewellery
 e - the amulet "Pefel" {Gourm rPois rC+ MR++ Dex-5}
   (You found it on level 3 of the Crypt)

   [amulet of the gourmand]

   It allows you to eat raw meat even when not hungry.
   It affects your dexterity (-5).
   It protects you from cold.
   It protects you from poison.
   It affects your resistance to hostile enchantments.
 g - an uncursed ring of ice
 i - the ring "Asehafro" {Str+4 SInv}
   (You found it on level 2 of the Snake Pit)

   [ring of strength]

   It affects your strength (+4).
   It lets you see invisible.
 q - a ring of wizardry (right claw)
 K - the ring "Wovab" (left claw) {rF+ rN++ Dex-3 Stlth+}
   (You found it on level 5 of the Pits of Slime)

   [ring of protection from fire]

   It affects your dexterity (-3).
   It protects you from fire.
   It greatly protects you from negative energy.
   It makes you more stealthy.
 N - an uncursed ring of resist corrosion
 Y - the amulet of Disaster (around neck) {Harm *Drain rN+ Int+3 Dex+5}
   (You bought it in a shop on level 2 of the Orcish Mines)

   [amulet of harm]

   It increases damage dealt and taken.
   It affects your intelligence (+3).
   It affects your dexterity (+5).
   It protects you from negative energy.
   It causes draining when unequipped.
Wands
 d - a wand of enslavement (8/24)
 F - a wand of paralysis (24/24)
 G - a wand of teleportation (3/9)
 U - a wand of acid (1/15)
Scrolls
 b - 2 scrolls of holy word
 c - a scroll of fear
 h - a scroll of fog
 k - 2 scrolls of noise
 p - 4 scrolls of immolation
 r - 4 scrolls of identify
 v - 5 scrolls of recharging
 y - a scroll of blinking
 E - a scroll of teleportation
 R - 9 scrolls of remove curse
 S - 7 scrolls of magic mapping
Potions
 j - a potion of resistance
 n - 15 potions of curing
 o - 3 potions of brilliance
 s - 4 potions of ambrosia
 x - 5 potions of flight
 z - 4 potions of might
 B - 3 potions of agility
 C - a potion of berserk rage
 J - a potion of magic
 P - a potion of cancellation
 V - 6 potions of heal wounds
Books
 a - a manual of Throwing
Miscellaneous
 u - a lamp of fire
 w - 3 boxes of beasts
 I - a fan of gales
 T - a figurine of a ziggurat
 W - 2 phantom mirrors
Comestibles
 f - 18 bread rations
 A - 13 meat rations


   Skills:
 + Level 15.6 Fighting
   Level 0.7 Short Blades
 - Level 8.4 Dodging
 - Level 0.4 Stealth
 - Level 15.3 Shields
 * Level 24.0 Unarmed Combat
 - Level 7.3 Spellcasting
 - Level 5.7 Translocations
 - Level 10.2 Transmutations
 - Level 11.7 Earth Magic
 + Level 14.5 Invocations
 - Level 2.1 Evocations


You had 18 spell levels left.
You knew the following spells:

 Your Spells              Type           Power        Failure   Level  Hunger
a - Animate Skeleton      Necr           N/A          6%          1    None
b - Apportation           Tloc           ###.......   1%          1    None
c - Statue Form           Tmut/Erth      #####....    10%         6    #######
d - Passage of Golubria   Tloc           N/A          6%          4    ####...
e - Passwall              Tmut/Erth      #####.....   1%          2    None
f - Blink                 Tloc           N/A          1%          2    None
g - Repel Missiles        Chrm/Air       #.....       9%          2    None
h - Swiftness             Chrm/Air       #.......     9%          2    None


Dungeon Overview and Level Annotations

Branches:
Dungeon (15/15)            Temple (1/1) D:4            Lair (6/6) D:11
  Swamp (4/4) Lair:2        Snake (4/4) Lair:2        Slime (5/5) Lair:6
    Orc (2/2) D:9             Elf (3/3) Orc:2        Vaults (5/5) D:14
  Crypt (3/3) Vaults:3       Tomb (3/3) Crypt:3      Depths (4/5) D:15

Altars:
Ashenzari
Cheibriados
Dithmenos
Elyvilon
Fedhas
Gozag
Hepliaklqana
Kikubaaqudgha
Makhleb
Nemelex Xobeh
Okawaru
Pakellas
Qazlal
Ru
Sif Muna
Trog
Uskayaw
Vehumet
Yredelemnul
The Shining One
Jiyva

Shops:
Orc:1 =   Orc:2 :*=[(:   Snake:1 *

Portals:
Hell: Depths:1
Pandemonium: Depths:3
Trove: Vaults:3 (give 17 scrolls of identify)

Annotations:
D:4 exclusions: upstairs and 1 more exclusion
Lair:2 exclusion: downstairs
Lair:6 exclusion: oklob plant
Vaults:3 CRYT


Innate Abilities, Weirdness & Mutations

You are too large for most types of armour.
You have claws for hands.
Your metabolism is lightning-fast.
You like to eat raw meat.
You heal very quickly.
((You are covered in fur. (AC +1)))
((You have very tough skin. (AC +2)))
You have a pair of small antennae on your head.
You have sharp toenails.
You are surrounded by a mild repulsion field. (EV +2)
((You are partially covered in iridescent scales. (AC +2)))
You can translocate small distances at will.
Armour fits poorly on your strangely shaped body.
Your magical capacity is extremely low. (-30% MP)
You are weak. (Str -2)
Potions and wands are less effective at restoring your health.


Message History

Unknown command.
Unknown command.
You eviscerate the wind drake!!! Your kick misses the wind drake.
The wind drake is heavily wounded.
You hear an angry hiss.
The rakshasa blinks!
The wind drake flaps its wings at you. The air twists around and strikes you!
The rakshasa blinks!
Unknown command.
Unknown command.
Unknown command.
You eviscerate the wind drake!!!
You kill the wind drake!
The wind drake's corpse shimmers and vanishes!
The rakshasa hits you with a long sword!
* * * LOW HITPOINT WARNING * * *
The rakshasa gestures at you.
The orb of energy hits the rakshasa.
The orb of energy explodes!
The mystic blast hits you!
You die...

#≈......≈ #.
#≈..⌠...##### #.
#≈..........######.
#≈...R...........#.
#≈R......†..^......
#≈.R...............
#≈...R...).......#.
#≈R§§..R....######.
#≈8.⌠..3##### #.
#≈.k....≈≈≈# #.
#≈≈.......≈≈ #.
##≈.........≈ #.
#≈≈≈........ #.
###≈≈≈≈..... #.
####≈...... #. ≈..
#. #.


You could see 6 rakshasas, a wind drake and a smoke demon.

Vanquished Creatures
  the Royal Jelly (Slime:5)
  3 ancient liches
  Sojobo (D:15)
  14 greater mummies
  Boris (Depths:3)
  Margery (Vaults:4)
  5 caustic shrikes (Depths:3)
  A golden dragon (Depths:3)
  A profane servitor (Crypt:3)
  A bone dragon (Crypt:3)
  3 pandemonium lords (Pan)
  A Brimstone Fiend (Pan)
  A hellephant (Pan)
  3 tentacled monstrosities (Vaults:5)
  2 Ice Fiends (Pan)
  3 liches
  2 deep elf blademasters (Elf:3)
  20 acid blobs
  A quicksilver dragon (Vaults:5)
  2 deep elf master archers (Elf:3)
  Gastronok (D:9)
  2 ancient champions
  11 sphinxes
  6 tengu reavers
  Kirke (D:12)
  4 large abominations
  Roxanne (Swamp:3)
  7 storm dragons (Vaults:5)
  4 revenants
  4 shadow dragons (Vaults:5)
  Donald (Elf:1)
  8 azure jellies
  5 greater nagas (Snake:4)
  6 deep elf sorcerers (Elf:3)
  4 frost giants (Vaults:5)
  5 fire giants
  3 cacodemons (Pan)
  Aizul (Snake:2)
  8 vault wardens
  Louise (Elf:1)
  6 deep elf elementalists
  An orc warlord (Orc:2)
  An iron dragon (Vaults:5)
  A curse skull (Crypt:1)
  2 warmongers (Pan)
  11 very ugly things
  A juggernaut zombie (Depths:3)
  A ghoul (Crypt:3)
  7 ironheart preservers
  2 blood saints (Pan)
  12 stone giants
  A reaper (Pan)
  2 entropy weavers
  6 deep elf demonologists
  3 vampire knights (Crypt:3)
  3 lorocyprocas (Pan)
  2 chaos champions (Pan)
  8 bennus
  10 deep elf annihilators
  A spark wasp (shapeshifter) (Vaults:5)
  2 green deaths (Pan)
  16 mummy priests
  10 ettins
  2 death oozes (Slime:5)
  7 jiangshi (Crypt:3)
  8 deep elf death magi
  Josephine (Orc:2)
  2 fire dragons (Depths:1)
  11 yaktaur captains
  A merfolk impaler (Depths:3)
  4 deep elf high priests
  A quicksilver dragon zombie (D:15)
  3 great orbs of eyes
  29 vault guards
  2 rakshasas
  12 hydras
  A ghost crab (Swamp:4)
  2 death knights (Crypt:3)
  17 anacondas
  An ice dragon (Depths:3)
  A spriggan air mage (Pan)
  2 centaur warriors
  11 ogre magi
  5 alligators
  2 catoblepae
  A catoblepas (shapeshifter) (Vaults:5)
  12 naga warriors
  A vampire mage (D:15)
  4 orc high priests (Orc:2)
  11 death scarabs
  3 deep troll shamans (Depths:3)
  6 dancing weapons
  A spriggan berserker (Swamp:4)
  10 death yaks
  15 naga sharpshooters
  A titan zombie (D:15)
  4 deep troll earth magi
  3 tengu warriors
  A sun demon (Pan)
  7 shock serpents
  A titan skeleton (Depths:3)
  Sonja (D:11)
  5 shadow wraiths
  21 deep elf knights
  An iron troll (Depths:3)
  A fire crab (shapeshifter) (Vaults:5)
  21 skeletal warriors
  A storm dragon skeleton (Tomb:1)
  9 hell knights
  5 salamander mystics (Snake:4)
  A gelid demonspawn (Pan)
  11 deep trolls
  3 infernal demonspawn (Pan)
  An unseen horror (D:10)
  3 giant orange brains
  A shadow demon (Pan)
  10 phantasmal warriors
  8 flayed ghosts
  16 swamp dragons
  11 deep elf archers
  2 hill giants
  6 shambling mangroves
  A putrid demonspawn (Pan)
  2 torturous demonspawn (Pan)
  A tengu zombie (Depths:3)
  11 ugly things
  19 anubis guards
  4 wizards
  A golden dragon skeleton (Tomb:3)
  A wolf spider zombie (D:14)
  9 orc knights
  3 naga ritualists
  A harpy (Vaults:4)
  8 ironbrand convokers
  4 lindwurms (Snake:4)
  7 necromancers
  A hornet (shapeshifter) (D:15)
  7 griffons
  10 mana vipers
  3 wolf spiders
  A shadow dragon skeleton (Tomb:1)
  55 deep elf magi
  4 shining eyes
  6 orc sorcerers
  A sixfirhy (Pan)
  3 stone giant zombies
  2 mana vipers (shapeshifter) (Vaults:5)
  2 cyclopes
  2 elephants (Lair:6)
  A salamander (shapeshifter) (Vaults:4)
  A shining eye (shapeshifter) (Vaults:5)
  3 salamanders
  2 hornets (Swamp:1)
  2 spectral fire dragons (Crypt:3)
  A fire giant zombie (Tomb:1)
  An iron dragon skeleton (Depths:3)
  22 naga magi
  8 vault sentinels
  A rust devil (Pan)
  27 black mambas
  10 guardian serpents
  5 centaur zombies
  An orange demon (Pan)
  2 smoke demons (Pan)
  A torpor snail (Lair:5)
  16 spiny frogs
  An eye of devastation (Slime:5)
  3 kobold demonologists (D:12)
  A gargoyle (D:12)
  A komodo dragon (shapeshifter) (Depths:1)
  2 rime drakes (Lair:6)
  4 komodo dragons
  A hellion (Pan)
  27 guardian mummies
  A yaktaur (shapeshifter) (Vaults:1)
  17 yaktaurs
  3 small abominations
  A merfolk (shapeshifter) (Elf:1)
  8 freezing wraiths
  7 trolls
  3 giant leeches
  3 boulder beetles
  3 wind drakes (Pan)
  17 blink frogs
  8 bog bodies
  50 slime creatures
  A jumping spider (Vaults:4)
  30 two-headed ogres
  An ice dragon zombie (Crypt:3)
  21 ushabtiu
  59 flying skulls
  4 air elementals
  6 shadows
  6 water elementals
  5 spriggans
  A fire elemental (Elf:2)
  13 wraiths
  3 ynoxinuls (Pan)
  A redback (shapeshifter) (Vaults:5)
  A tarantella (shapeshifter) (Vaults:5)
  A redback (Vaults:5)
  A basilisk (Lair:3)
  A fire bat (shapeshifter) (Vaults:5)
  42 yaks
  3 wyverns
  2 hogs (D:12)
  A hungry ghost (D:11)
  A tarantella (Vaults:4)
  3 neqoxecs (Pan)
  6 hippogriffs
  A vampire mosquito (Swamp:1)
  3 human simulacra
  7 chaos spawn (Pan)
  Menkaure (D:7)
  39 nagas
  A mottled dragon (D:14)
  8 swamp worms
  7 water moccasins
  A warg (Vaults:1)
  A giant eyeball (Slime:4)
  31 orc warriors
  4 porcupines
  2 sky beasts
  11 swamp drakes
  A snapping turtle zombie (Tomb:3)
  An ice beast (D:12)
  13 wasps
  5 necrophages
  13 wolves
  2 black bears
  2 phantoms
  7 eyes of draining
  42 ogres
  6 centaurs
  An elephant skeleton (Crypt:1)
  5 crocodiles
  12 giant frogs
  A big kobold (D:12)
  A gnoll sergeant (D:12)
  3 earth elementals
  2 human skeletons (Vaults:4)
  A wyvern skeleton (D:11)
  2 scorpions
  A raiju zombie (Crypt:1)
  2 spriggan zombies
  2 killer bees (D:12)
  9 wights
  8 electric eels
  6 howler monkeys
  3 crimson imps
  A quasit (D:9)
  4 centaur skeletons
  17 orc priests
  A gnoll shaman (Orc:1)
  10 hounds
  5 jellies
  A giant frog skeleton (D:9)
  8 iguanas
  25 orc wizards
  6 worker ants
  10 sheep
  39 mummies
  A worker ant zombie (D:6)
  12 gnolls
  7 adders
  28 river rats
  12 white imps (D:12)
  5 oozes (D:8)
  An adder zombie (D:7)
  2 dart slugs (D:1)
  3 giant geckos
  73 orcs
  2 giant cockroaches
  A goblin (D:3)
  2 hobgoblins
  3 jackals (D:11)
  3 kobolds
  2 quokkas (D:7)
  A bat (D:3)
  A dart slug zombie (Crypt:1)
  A giant gecko skeleton (D:7)
  A jackal skeleton (D:7)
  2 rats (D:3)
  A fungus (Lair:6)
1809 creatures vanquished.

Vanquished Creatures (collateral kills)
  The ghost of Noname the Executioner, a veteran CeGl of Okawaru (Elf:3)
  An azure jelly (Slime:5)
  A deep elf sorcerer (Elf:3)
  A deep elf annihilator (Elf:3)
  A minotaur (Lab)
  A hydra (Lair:6)
  A rakshasa (D:14)
  A deep elf knight (Elf:1)
  A small abomination (Elf:3)
  A swamp dragon (Swamp:4)
  5 ugly things
  A manticore (D:14)
  An elephant (Lair:6)
  A kobold demonologist (D:12)
  A rime drake (Lair:6)
  A wind drake (Pan)
  A blink frog (Lair:6)
  A bog body (Swamp:4)
  A basilisk (Lair:6)
  4 hogs (D:12)
  A naga (Snake:1)
  A phantom (D:12)
  A centaur (D:12)
  2 killer bees (D:12)
  An orc priest (D:8)
  An orc wizard (D:12)
  A giant gecko (D:2)
  6 orcs
  A goblin (D:2)
  A quokka (D:2)
  3 kobolds
46 creatures vanquished.

Vanquished Creatures (others)
  Asterion (Vaults:1)
  A green death (Pan)
  3 death scarabs (Tomb:2)
  A shadow wraith (Vaults:1)
  A slime creature (Swamp:4)
  A ynoxinul (Pan)
  9 flying skulls
  A warg (Vaults:2)
  4 ogres
  An orc priest (D:5)
  An orc wizard (D:12)
  3 mummies (Tomb:2)
  4 giant cockroaches (Tomb:1)
  A jackal (shapeshifter) (Vaults:5)
  A kobold (D:1)
  2 fungi
  A plant (Lair:6)
36 creatures vanquished.

Grand Total: 1891 creatures vanquished

Notes
Turn   | Place    | Note
-------+----------+-------------------------------------------
     0 | D:1      | 4thArraOfDagon the Troll Artificer began the quest for the Orb.
     0 | D:1      | Reached XP level 1. HP: 18/18 MP: 1/1
     8 | D:1      | Noticed a killer bee
     8 | D:1      | Noticed a wolf
     8 | D:1      | Noticed a wyvern
    16 | D:1      | Noticed a polar bear
    16 | D:1      | Noticed a salamander
    40 | D:1      | Reached skill level 1 in Unarmed Combat
    85 | D:1      | You fall through a shaft!
   102 | D:2      | Reached XP level 2. HP: 23/26 MP: 2/2
   120 | D:2      | Reached skill level 2 in Unarmed Combat
   186 | D:3      | Reached XP level 3. HP: 31/32 MP: 3/3
   254 | D:4      | Reached skill level 3 in Unarmed Combat
   280 | D:4      | Found a staircase to the Ecumenical Temple.
   290 | Temple   | Entered the Ecumenical Temple
   351 | Temple   | Became a worshipper of Makhleb the Destroyer
   382 | D:4      | Found a blossoming altar of Fedhas.
   436 | D:4      | Noticed a sky beast
   495 | D:4      | Killed a sky beast
   495 | D:4      | Reached skill level 4 in Unarmed Combat
   495 | D:4      | Reached XP level 4. HP: 11/40 MP: 4/4
   596 | D:4      | Noticed a phantom
   604 | D:4      | Killed a phantom
   604 | D:4      | Reached skill level 5 in Unarmed Combat
   604 | D:4      | Reached XP level 5. HP: 18/46 MP: 5/5
   614 | D:3      | Found an iron altar of Okawaru.
   729 | D:4      | Found a sparkling altar of Nemelex Xobeh.
   741 | D:4      | Reached skill level 6 in Unarmed Combat
   741 | D:4      | Reached XP level 6. HP: 46/54 MP: 1/6
   818 | D:4      | Found a snail-covered altar of Cheibriados.
   854 | D:5      | Entered Level 5 of the Dungeon
  1044 | D:6      | Found a radiant altar of Vehumet.
  1186 | D:7      | Reached skill level 7 in Unarmed Combat
  1227 | D:7      | Noticed Menkaure
  1243 | D:7      | Killed Menkaure
  1243 | D:7      | Reached XP level 7. HP: 21/61 MP: 6/7
  1328 | D:7      | Reached * piety under Makhleb
  1334 | D:7      | Found a sacrificial altar of Ru.
  1368 | D:7      | Reached skill level 8 in Unarmed Combat
  1610 | D:7      | Noticed a hippogriff
  1618 | D:7      | Killed a hippogriff
  1618 | D:7      | Reached skill level 9 in Unarmed Combat
  1717 | D:8      | Reached XP level 8. HP: 68/68 MP: 8/8
  1772 | D:8      | Reached skill level 1 in Fighting
  1845 | D:8      | Found a shattered altar of Ashenzari.
  1894 | D:8      | Found a shattered altar of Ashenzari.
  2046 | D:9      | Reached ** piety under Makhleb
  2195 | D:9      | Reached skill level 10 in Unarmed Combat
  2297 | D:9      | Found a basalt altar of Yredelemnul.
  2361 | D:9      | Noticed Gastronok
  2405 | D:9      | Killed Gastronok
  2405 | D:9      | Reached skill level 5 in Fighting
  2405 | D:9      | Reached skill level 12 in Unarmed Combat
  2405 | D:9      | Reached XP level 9. HP: 88/88 MP: 9/9
  2607 | D:9      | Found an oddly glowing altar of Pakellas.
  2629 | D:10     | Entered Level 10 of the Dungeon
  2657 | D:10     | Reached XP level 10. HP: 96/96 MP: 10/10
  2872 | D:11     | Reached *** piety under Makhleb
  3102 | D:11     | Reached skill level 13 in Unarmed Combat
  3242 | D:11     | Reached skill level 1 in Invocations
  3355 | D:11     | Reached **** piety under Makhleb
  3415 | D:11     | Found a staircase to the Lair.
  3462 | D:11     | Noticed Sonja
  3474 | D:11     | Killed Sonja
  3474 | D:11     | Reached skill level 14 in Unarmed Combat
  3621 | D:12     | Noticed a gargoyle
  3640 | D:12     | Killed a gargoyle
  3640 | D:12     | Reached XP level 11. HP: 67/105 MP: 12/12
  3660 | D:12     | Identified a scroll of acquirement
  3661 | D:12     | Got a bound iron amulet
  3663 | D:12     | Identified the amulet of Apyf {Regen+ Dex+4} (You acquired it on level 12 of the Dungeon)
  3740 | D:12     | Found a frozen archway.
  3741 | D:12     | Reached ***** piety under Makhleb
  3753 | IceCv    | Entered an ice cave
  3840 | D:13     | Noticed a hill giant
  3849 | D:13     | Killed a hill giant
  3909 | D:14     | Found a labyrinth entrance.
  3911 | D:14     | Noticed a centaur warrior
  3986 | D:14     | Killed a centaur warrior
  3986 | D:14     | Reached skill level 15 in Unarmed Combat
  4000 | D:14     | Noticed a tengu warrior
  4020 | D:14     | Killed a tengu warrior
  4020 | D:14     | Reached skill level 5 in Invocations
  4042 | Lab      | Entered a labyrinth
  4735 | Lab      | Noticed a minotaur
  4777 | Lab      | Killed a minotaur
  4814 | Lab      | amazing
  4817 | Lab      | Learned a level 1 spell: Animate Skeleton
  4819 | Lab      | Learned a level 1 spell: Apportation
  4914 | D:14     | Noticed a green ugly thing
  4915 | D:14     | Noticed a green ugly thing
  4937 | D:14     | Noticed a green ugly thing
  4938 | D:14     | Killed a green ugly thing
  4947 | D:14     | Noticed a green ugly thing
  4960 | D:14     | Killed a cyan ugly thing
  4961 | D:14     | Killed a green ugly thing
  4968 | D:14     | Killed a green ugly thing
  4995 | D:14     | Gained mutation: You regenerate. [mutagenic meat]
  4998 | D:14     | Gained mutation: You have a pair of small antennae on your head. [mutagenic meat]
  5001 | D:14     | Gained mutation: You possess an exceptional clarity of mind. [mutagenic meat]
  5004 | D:14     | Gained mutation: Armour fits poorly on your strangely shaped body. [mutagenic meat]
  5016 | D:14     | Noticed a catoblepas
  5018 | D:14     | Noticed a rakshasa
  5032 | D:14     | Killed a rakshasa
  5268 | D:12     | Reached XP level 12. HP: 115/115 MP: 14/14
  5275 | D:12     | Noticed Kirke
  5339 | D:12     | Killed Kirke
  5530 | D:12     | Reached skill level 16 in Unarmed Combat
  5588 | D:12     | Gained mutation: You are resistant to hostile enchantments. (MR+) [mutagenic meat]
  5591 | D:12     | Gained mutation: Potions and wands are less effective at restoring your health. [mutagenic meat]
  5843 | D:8      | Found a shadowy altar of Dithmenos.
  6077 | D:9      | Found a staircase to the Orcish Mines.
  6108 | Orc:1    | Entered Level 1 of the Orcish Mines
  6272 | Orc:1    | Found Xudem's Jewellery Boutique.
  6341 | Orc:2    | Entered Level 2 of the Orcish Mines
  6341 | Orc:2    | Found Lunil's Jewellery Boutique.
  6347 | Orc:2    | Noticed Josephine
  6450 | Orc:1    | Reached skill level 5 in Dodging
  6691 | Orc:2    | Found a staircase to the Elven Halls.
  6900 | Orc:2    | Killed Josephine
  6908 | Orc:2    | Found Ifuvea's Book Boutique.
  6937 | Orc:2    | Bought a book of Transfigurations for 715 gold pieces
  6944 | Orc:2    | Learned a level 6 spell: Statue Form
  7045 | Orc:2    | Noticed an orc high priest
  7121 | Orc:2    | Reached skill level 17 in Unarmed Combat
  7126 | Orc:2    | Killed an orc high priest
  7148 | Orc:2    | Reached XP level 13. HP: 119/127 MP: 15/15
  7214 | Orc:2    | Reached skill level 1 in Transmutations
  7214 | Orc:2    | Reached skill level 1 in Earth Magic
  7388 | Orc:2    | Reached ****** piety under Makhleb
  7423 | Orc:2    | Paralysed by an orc sorcerer for 7 turns
  7447 | Orc:2    | Reached skill level 1 in Spellcasting
  7465 | Orc:2    | Noticed an orc warlord
  7482 | Orc:2    | Killed an orc warlord
  7650 | Orc:2    | Found Buluicee's Antique Armour Boutique.
  7651 | Orc:2    | Found Paczae's Antique Weapon Boutique.
  7652 | Orc:2    | Found Fenow's General Store.
  7652 | Orc:2    | Found Wudwust's Book Shop.
  7814 | Elf:1    | Entered Level 1 of the Elven Halls
  7948 | Lair:1   | Entered Level 1 of the Lair of Beasts
  8509 | Lair:2   | Gained mutation: You have a pair of antennae on your head. [potion of beneficial mutation]
  8787 | Orc:2    | Bought the amulet of Disaster {Harm *Drain rN+ Int+3 Dex+5} for 754 gold pieces
  9009 | Lair:1   | Reached skill level 5 in Earth Magic
  9108 | Lair:2   | Found a staircase to the Swamp.
  9122 | Lair:2   | Found a staircase to the Snake Pit.
  9408 | Lair:4   | Learned a level 4 spell: Passage of Golubria
  9411 | Lair:4   | Learned a level 2 spell: Passwall
  9565 | Lair:6   | Entered Level 6 of the Lair of Beasts
  9613 | Lair:6   | Found a staircase to the Slime Pits.
  9705 | Lair:6   | Reached skill level 5 in Transmutations
  9869 | Lair:6   | Reached XP level 14. HP: 125/136 MP: 16/16
 11255 | Swamp:1  | Entered Level 1 of the Swamp
 11308 | Snake:1  | Entered Level 1 of the Snake Pit
 11378 | Snake:1  | Found a deep blue altar of Sif Muna.
 11422 | Snake:1  | Found Seushrin's General Store.
 11430 | Snake:1  | Bought a scroll of identify for 32 gold pieces
 11430 | Snake:1  | Bought a potion of haste for 160 gold pieces
 11430 | Snake:1  | Bought a scroll of teleportation for 48 gold pieces
 11467 | Snake:2  | Identified the ring "Asehafro" {Str+4 SInv} (You found it on level 2 of the Snake Pit)
 11762 | Snake:1  | Gained mutation: Your mind is acute. (Int +2) [potion of beneficial mutation]
 12414 | Swamp:3  | Reached XP level 15. HP: 143/143 MP: 13/20
 12442 | Swamp:4  | Entered Level 4 of the Swamp
 12691 | Swamp:3  | Noticed Roxanne
 12696 | Swamp:3  | Killed Roxanne
 12783 | Swamp:4  | Reached skill level 10 in Earth Magic
 13009 | Swamp:4  | Reached skill level 5 in Spellcasting
 13116 | Swamp:4  | Got a decaying rune of Zot
 13432 | Snake:2  | Noticed Aizul
 13440 | Snake:2  | Killed Aizul
 13541 | Snake:2  | Reached XP level 16. HP: 152/152 MP: 23/23
 13628 | Snake:3  | Reached skill level 10 in Transmutations
 13701 | Snake:4  | Entered Level 4 of the Snake Pit
 14648 | Snake:4  | eragonby: 10+ viewers everyday, mb you will stream on twitch someday?
 14659 | Snake:4  | Reached XP level 17. HP: 162/162 MP: 26/26
 14850 | Snake:4  | Got a serpentine rune of Zot
 14878 | Snake:4  | 4thArraOfDagon: that might be an idea
 14878 | Snake:4  | 4thArraOfDagon: but does dcss bring any attention anyway
 14921 | Snake:4  | meh
 15495 | Elf:1    | Reached skill level 10 in Fighting
 15580 | Elf:2    | Reached skill level 18 in Unarmed Combat
 15589 | Elf:2    | eragonby: ye, it will be still near 20 viewers ;( But will be great hear some advices in game, in live
 15647 | Elf:1    | Noticed Louise
 15647 | Elf:1    | Noticed Donald
 15665 | Elf:1    | 4thArraOfDagon: hmm
 15665 | Elf:1    | 4thArraOfDagon: yeah i have to buy my mircrophone then :D
 15702 | Elf:1    | Killed Donald
 15718 | Elf:1    | Killed Louise
 15729 | Elf:1    | Got a brightly glowing large shield
 15735 | Elf:1    | Identified the +4 large shield "Ycwusom" {rElec} (You took it off Louise on level 1 of the Elven Halls)
 15783 | Elf:1    | Reached skill level 1 in Shields
 15849 | Elf:3    | Entered Level 3 of the Elven Halls
 15921 | Elf:3    | Noticed Noname's ghost (veteran CeGl)
 15934 | Elf:3    | Killed Noname's ghost
 16006 | Elf:2    | Got a jewelled hat
 16029 | Elf:2    | Identified the +4 hat of Seskenabb {Int+3 Stlth+} (You found it on level 2 of the Elven Halls)
 16029 | Elf:2    | gg
 16142 | Elf:3    | Reached skill level 5 in Shields
 16293 | Elf:3    | Reached XP level 18. HP: 176/176 MP: 15/27
 16371 | Elf:3    | heh
 16564 | Elf:3    | Reached skill level 10 in Shields
 16604 | Elf:3    | Got a slimy ivory ring
 16609 | Elf:3    | Identified Lilo's Last Secrets of Wizardry
 16632 | Elf:3    | Got a coiled bronze ring
 16670 | Elf:3    | Identified the ring of Liberty {rN+ Dex+4} (You found it on level 3 of the Elven Halls)
 16672 | Elf:3    | Identified the ring "Yloyt" {Ice rElec Int+3 Dex+5 Slay-5} (You found it on level 3 of the Elven Halls)
 16958 | Orc:2    | Bought an uncursed ring of resist corrosion for 320 gold pieces
 16958 | Orc:2    | 4thArraOfDagon: taking slime
 16958 | Orc:2    | 4thArraOfDagon: and hittin pillow
 17179 | Slime:1  | Entered Level 1 of the Pits of Slime
 17245 | Slime:2  | Lost mutation: Your mind is acute. (Int +2) [a shining eye]
 17246 | Slime:2  | Gained mutation: Potions and wands are poor at restoring your health. [a shining eye]
 17295 | Slime:1  | hmm
 17304 | Slime:1  | dont do this at home
 17341 | Slime:2  | Gained mutation: You expend magic power (3 MP) to strengthen your wands. [a shining eye]
 17360 | Slime:3  | Reached XP level 19. HP: 183/183 MP: 17/28
 17392 | Slime:4  | Gained mutation: Your magical capacity is low. (-10% MP) [a shining eye]
 17446 | Slime:4  | Gained mutation: You are occasionally teleported next to monsters. [a shining eye]
 17449 | Slime:4  | Lost mutation: Your magical capacity is low. (-10% MP) [potion of cure mutation]
 17449 | Slime:4  | Lost mutation: You expend magic power (3 MP) to strengthen your wands. [potion of cure mutation]
 17449 | Slime:4  | Lost mutation: You have a pair of antennae on your head. [potion of cure mutation]
 17449 | Slime:4  | Lost mutation: You have a pair of small antennae on your head. [potion of cure mutation]
 17450 | Slime:4  | no
 17494 | Slime:5  | Entered Level 5 of the Pits of Slime
 17634 | Slime:5  | Found a viscous altar of Jiyva.
 17634 | Slime:5  | Noticed the Royal Jelly
 17650 | Slime:5  | Killed the Royal Jelly
 17700 | Slime:5  | 4thArraOfDagon: now the funniest part
 17733 | Slime:2  | come
 17863 | Slime:4  | where are you
 17996 | Slime:3  | ok
 18203 | Slime:5  | Identified the ring "Wovab" {rF+ rN++ Dex-3 Stlth+} (You found it on level 5 of the Pits of Slime)
 18263 | Slime:5  | Got a slimy rune of Zot
 18294 | Slime:5  | Identified a ring of the Octopus King {rF+ AC+1 EV+1 Str+1 Int+1 Dex+1} (You found it on level 5 of the Pits of Slime)
 18517 | D:11     | 4thArraOfDagon: ok bye
 18517 | D:11     | Upgraded the game from 0.19-a0-1111-gcceb26a to 0.19-a0-1127-gac58878
 18838 | D:14     | Found a gate to the Vaults.
 18856 | Vaults:1 | Entered Level 1 of the Vaults
 18864 | Vaults:1 | Noticed Asterion
 18877 | Vaults:1 | Killed Asterion
 18924 | Vaults:1 | Gained mutation: Your spells are a little harder to cast, but a little more powerful. [mutagenic meat]
 18927 | Vaults:1 | Gained mutation: You tend to lose your temper in combat. [mutagenic meat]
 18930 | Vaults:1 | Gained mutation: Your magical capacity is low. (-10% MP) [mutagenic meat]
 18935 | Vaults:1 | Lost mutation: Your spells are a little harder to cast, but a little more powerful. [mutagenic meat]
 18941 | Vaults:1 | Gained mutation: You are surrounded by a mild repulsion field. (EV +2) [mutagenic meat]
 18947 | Vaults:1 | Gained mutation: You are dopey. (Int -2) [mutagenic meat]
 19072 | Vaults:1 | Gained mutation: You expend magic power (3 MP) to strengthen your wands. [mutagenic meat]
 19295 | Vaults:1 | Reached skill level 1 in Translocations
 19303 | Vaults:1 | Gained mutation: Your magical capacity is very low. (-20% MP) [mutagenic meat]
 19580 | Vaults:4 | Reached XP level 20. HP: 192/192 MP: 20/23
 19582 | Vaults:4 | Reached skill level 15 in Shields
 19604 | Vaults:4 | Noticed Margery
 19632 | Vaults:4 | Killed Margery
 19812 | Vaults:3 | Found a portal to a secret trove of treasure.
 19935 | Vaults:5 | Entered Level 5 of the Vaults
 19959 | Vaults:5 | Lost mutation: Armour fits poorly on your strangely shaped body. [potion of mutation]
 19959 | Vaults:5 | Gained mutation: You are partially covered in rugged brown scales. (AC +1, +3% HP) [potion of mutation]
 19959 | Vaults:5 | Lost mutation: You regenerate. [potion of mutation]
 19960 | Vaults:5 | Lost mutation: You are partially covered in rugged brown scales. (AC +1, +3% HP) [potion of mutation]
 19960 | Vaults:5 | Lost mutation: You are dopey. (Int -2) [potion of mutation]
 19960 | Vaults:5 | Gained mutation: Your magical capacity is extremely low. (-30% MP) [potion of mutation]
 19961 | Vaults:5 | Gained mutation: You occasionally shout uncontrollably at your foes. [potion of mutation]
 19977 | Vaults:5 | Reached skill level 5 in Translocations
 20018 | Vaults:5 | Lost mutation: You are resistant to hostile enchantments. (MR+) [mutagenic meat]
 20021 | Vaults:5 | Gained mutation: You are weak. (Str -2) [mutagenic meat]
 20198 | Vaults:5 | Paralysed by a sphinx for 2 turns
 20202 | Vaults:5 | Noticed an ancient lich
 20365 | Vaults:5 | Reached XP level 21. HP: 205/205 MP: 21/21
 20419 | Vaults:5 | Killed an ancient lich
 20512 | Vaults:5 | Reached skill level 19 in Unarmed Combat
 20581 | Vaults:5 | Lost mutation: You occasionally shout uncontrollably at your foes. [mutagenic meat]
 20585 | Vaults:5 | Lost mutation: Potions and wands are poor at restoring your health. [potion of cure mutation]
 20585 | Vaults:5 | Lost mutation: You tend to lose your temper in combat. [potion of cure mutation]
 20585 | Vaults:5 | Lost mutation: You expend magic power (3 MP) to strengthen your wands. [potion of cure mutation]
 20585 | Vaults:5 | Lost mutation: You are surrounded by a mild repulsion field. (EV +2) [potion of cure mutation]
 20606 | Vaults:5 | Gained mutation: You are very weak. (Str -4) [mutagenic meat]
 20609 | Vaults:5 | Gained mutation: You are resistant to hostile enchantments. (MR+) [mutagenic meat]
 20612 | Vaults:5 | Gained mutation: You are partially covered in iridescent scales. (AC +2) [mutagenic meat]
 20621 | Vaults:5 | Gained mutation: You have a pair of small antennae on your head. [mutagenic meat]
 20632 | Vaults:5 | Got a bound bone ring
 20667 | Vaults:5 | Identified the ring "Qifooc" {rPois SInv} (You took it off a vault guard on level 5 of the Vaults)
 20758 | Vaults:5 | Got a silver rune of Zot
 20772 | Vaults:5 | Learned a level 2 spell: Blink
 21103 | Vaults:3 | Found a staircase to the Crypt.
 21103 | Vaults:3 | Found a basalt altar of Yredelemnul.
 21104 | Vaults:3 | Found an ancient bone altar of Kikubaaqudgha.
 21112 | Crypt:1  | Entered Level 1 of the Crypt
 21250 | Crypt:3  | Entered Level 3 of the Crypt
 21326 | Crypt:3  | Reached skill level 10 in Invocations
 21342 | Crypt:3  | Found an ancient bone altar of Kikubaaqudgha.
 21485 | Crypt:3  | Reached XP level 22. HP: 217/217 MP: 15/22
 21532 | Crypt:3  | Identified the amulet "Pefel" {Gourm rPois rC+ MR++ Dex-5} (You found it on level 3 of the Crypt)
 21563 | Crypt:3  | Reached skill level 20 in Unarmed Combat
 21740 | Crypt:3  | Found a staircase to the Tomb.
 21740 | Crypt:3  | Noticed an ancient lich
 21744 | Crypt:3  | Killed an ancient lich
 21768 | Tomb:1   | Entered Level 1 of the Tomb of the Ancients
 21933 | Tomb:1   | Lost mutation: You possess an exceptional clarity of mind. [potion of mutation]
 21933 | Tomb:1   | Gained mutation: You have sharp toenails. [potion of mutation]
 21933 | Tomb:1   | Gained mutation: You are surrounded by a mild repulsion field. (EV +2) [potion of mutation]
 21972 | Tomb:1   | Noticed an ancient lich
 21992 | Tomb:1   | Killed an ancient lich
 22185 | Tomb:1   | Noticed a greater mummy
 22210 | Tomb:1   | Noticed a greater mummy
 22216 | Tomb:1   | Killed a greater mummy
 22223 | Tomb:1   | Killed a greater mummy
 22249 | Tomb:1   | Reached skill level 21 in Unarmed Combat
 22296 | Tomb:2   | Noticed a greater mummy
 22297 | Tomb:2   | Noticed a greater mummy
 22297 | Tomb:2   | Noticed a greater mummy
 22297 | Tomb:2   | Noticed a greater mummy
 22411 | Tomb:1   | Killed a greater mummy
 22822 | Tomb:1   | Killed a greater mummy
 22845 | Tomb:1   | Noticed a greater mummy
 22849 | Tomb:1   | Killed a greater mummy
 22849 | Tomb:1   | Reached XP level 23. HP: 228/228 MP: 12/22
 22854 | Tomb:1   | Noticed a greater mummy
 22860 | Tomb:1   | Noticed a greater mummy
 23050 | Tomb:2   | incide: chardump?
 23113 | Tomb:2   | incide: thx
 23114 | Tomb:3   | Entered Level 3 of the Tomb of the Ancients
 23157 | Tomb:3   | Got a blackened shield
 23176 | Tomb:3   | Identified the Tome of Talismans and the Rocks
 23180 | Tomb:3   | Learned a level 2 spell: Repel Missiles
 23180 | Tomb:3   | Identified the Reference Book on Arcane Weapons
 23183 | Tomb:3   | Identified the Collected Works on Displacement
 23194 | Tomb:3   | Learned a level 2 spell: Swiftness
 23261 | Tomb:3   | Noticed a greater mummy
 23270 | Tomb:3   | Killed a greater mummy
 23283 | Tomb:3   | Noticed a greater mummy
 23293 | Tomb:3   | Killed a greater mummy
 23305 | Tomb:3   | Noticed a greater mummy
 23325 | Tomb:3   | Killed a greater mummy
 23327 | Tomb:3   | Noticed a greater mummy
 23327 | Tomb:3   | Noticed a greater mummy
 23328 | Tomb:3   | Noticed a greater mummy
 23354 | Tomb:3   | Killed a greater mummy
 23500 | Tomb:3   | Noticed a greater mummy
 23517 | Tomb:2   | Killed a greater mummy
 23577 | Tomb:3   | Noticed a greater mummy
 23703 | Tomb:2   | Killed a greater mummy
 23804 | Tomb:3   | Reached skill level 22 in Unarmed Combat
 23813 | Tomb:3   | Killed a greater mummy
 23827 | Tomb:3   | Killed a greater mummy
 23834 | Tomb:3   | Noticed a greater mummy
 23854 | Tomb:3   | Killed a greater mummy
 23948 | Tomb:3   | Got a golden rune of Zot
 24000 | Tomb:3   | Identified the +1 shield of the Harvest {+Fly rN+ MR-} (You found it on level 3 of the Tomb of the Ancients)
 24066 | Tomb:1   | Noticed a greater mummy
 24627 | D:15     | Entered Level 15 of the Dungeon
 24686 | D:15     | Found a burning altar of Makhleb.
 24712 | D:15     | Found a staircase to the Depths.
 24736 | Depths:1 | Entered Level 1 of the Depths
 24736 | Depths:1 | Noticed Sojobo
 24768 | D:15     | Killed Sojobo
 24779 | D:15     | Lost mutation: You are resistant to hostile enchantments. (MR+) [mutagenic meat]
 24804 | Depths:1 | Found a gateway to Hell.
 24824 | Depths:1 | Reached XP level 24. HP: 241/241 MP: 20/22
 25004 | Depths:1 | Gained mutation: You can translocate small distances at will. [mutagenic meat]
 25019 | Depths:1 | Lost mutation: You are very weak. (Str -4) [mutagenic meat]
 25023 | Depths:1 | Gained mutation: Armour fits poorly on your strangely shaped body. [mutagenic meat]
 25034 | Depths:1 | Lost mutation: You are occasionally teleported next to monsters. [mutagenic meat]
 25164 | Depths:3 | Reached skill level 23 in Unarmed Combat
 25179 | Depths:3 | Noticed Boris
 25180 | Depths:3 | Reached skill level 15 in Fighting
 25188 | Depths:3 | Killed Boris
 25547 | Depths:3 | Found a one-way gate leading to the halls of Pandemonium.
 25584 | Depths:3 | Turgon: Purple hat. What could this be? :-)
 25629 | Depths:3 | Turgon: looks like a very good one
 25629 | Depths:3 | 4thArraOfDagon: :D
 25630 | Pan      | Entered Pandemonium
 25643 | Pan      | Found an exit through the horrors of the Abyss.
 25739 | Pan      | Noticed Feej the pandemonium lord
 25769 | Pan      | Killed Feej the pandemonium lord
 25819 | Pan      | Found an exit through the horrors of the Abyss.
 25824 | Pan      | Noticed Gaovog the pandemonium lord
 25834 | Pan      | Killed Gaovog the pandemonium lord
 25890 | Pan      | Noticed Ypsobra the pandemonium lord
 25892 | Pan      | Killed Ypsobra the pandemonium lord
 25905 | Pan      | Reached XP level 25. HP: 251/251 MP: 16/22
 25917 | Pan      | Reached skill level 24 in Unarmed Combat
 25930 | Pan      | Entered the realm of Lom Lobon.
 25937 | Pan      | Turgon: You do pan without sInv?!
 25958 | Pan      | Turgon: This could be a problem
 25989 | Pan      | Joat: ouch
 25995 | Pan      | Killed from afar by a rakshasa (illusionary)

Vault maps used:
D:1:      onia_arrival_zoo_common, grunt_decor_arrowhead, kennysheep_doodads
D:2:      first_bread, st_stairs_6
D:3:      lemuel_round_altar, kennysheep_okawaru_gauntlet
D:4:      old_standard_altar, fedhas_altar_4, overflow_temple_1_default,
          minmay_misc_feat_encased, grunt_decor_clamped
D:5:      lemuel_ice_spiral_2, uniq_sigmund
D:6:      basic_altar
D:7:      led_sif_pool, nicolae_ru_sacrificial_ziggurat, uniq_menkaure
D:8:      grunt_dithmenos_shadows, lemuel_round_altar, kennysheep_mini,
          basic_altar, hangedman_little_slice_of_home
D:9:      lemuel_doored_altar, minitemple, erik_orc_2, serial_bayou_pond_c,
          uniq_gastronok
D:11:     erik_lair_island, kennysheep_path_1, roderic_nine_men_s_morris,
          uniq_sonja
D:12:     portal_ice_cave_entry_imps, uniq_kirke
D:14:     lightli_vaults_fourway_checkpoint, lab_entry_generic
D:15:     gammafunk_depths_entry_grave, makhleb_altar_promises_db
Temple:   compressed_dpeg_triangle_lava_temple
Lair:2:   swamp_mist_pool, guppyfry_snake_entry_garden
Lair:3:   grunt_megastairs_3
Lair:5:   nicolae_lair_grove_arrangements, st_stairs_7
Lair:6:   hangedman_lair_in_review, slime_dummy, dpeg_oklob_1
Swamp:1:  serial_swamp_ruin, evilmike_swamp_ruin_house_4,
          hangedman_swamp_ruin_hall, swamp_pool3
Swamp:2:  nicolae_swamp_fairy_circle, nicolae_swamp_round_clearing,
          infiniplex_staircase_pool
Swamp:3:  evilmike_swamp_ruin_house_3, swamp_pool3, uniq_roxanne, uniq_louise
Swamp:4:  swamp_basic_johnstein
Snake:1:  serial_shops, nicolae_shop_statue_plus, basic_altar
Snake:2:  serial_shops, shop_fountains, st_stairs_8,
          nrook_guardian_serpent_double, uniq_aizul
Snake:3:  serial_shops, nicolae_shop_trees
Snake:4:  snake_pit_salamanders_mu, grunt_ministairs_8
Slime:2:  basic_altar
Slime:3:  uniq_dissolution
Orc:1:    nicolae_orc_accident_1, serial_shops, nicolae_shop_behind_doors
Orc:2:    st_orc_congregation, serial_shops, shop, nicolae_shop_stone,
          uniq_josephine
Elf:1:    minmay_elf_necromancy, sword_in_stone
Elf:2:    hex_large, serial_sigils_hangedman_scar
Elf:3:    minmay_elf_hall_quartered_circle
Vaults:1: v_misc_26, hangedman_vaults_restitches,
          hangedman_vaults_stretched_pinwheel, nicolae_vaults_branching_niches,
          vaults_dpeg_cross, vaults_room_pool, nicolae_vaults_mini_display_case,
          vaults_mumra_chevron, dpeg_vaults_monster_box, v_misc_28, v_misc_5,
          nicolae_vaults_gold_heap, ontoclasm_vaults_ring_small, uniq_jorgrun,
          uniq_asterion
Vaults:2: v_pattern_5, ontoclasm_vaults_ring_large, v_misc_2, v_misc_24,
          v_misc_22, ontoclasm_vaults_fault, vaults_standard_mumra_lines,
          vaults_room_large_hall, nicolae_vaults_little_squares_4,
          vaults_room_semicircle, hangedman_vaults_variations, v_misc_12,
          uniq_saint_roka
Vaults:3: nicolae_vaults_network_square, vaults_dpeg_encased_lava,
          minmay_crypt_entry_necro_gods, vaults_room_fours,
          grunt_vaults_hallway_long, nicolae_vaults_puzzle_piece,
          nicolae_vaults_angled_halls, nicolae_vaults_alarming, v_alt_pattern_2,
          v_misc_12, nicolae_vaults_rhombus_6, enter_trove_3, uniq_xtahua
Vaults:4: hangedman_vaults_locks, nicolae_vaults_puzzle_piece,
          nicolae_vaults_rhombus_6, hangedman_vaults_stagger, v_misc_28,
          v_misc_33, ontoclasm_vaults_fire_temple, v_pattern_2, stair_cage_open,
          v_misc_17, v_misc_19, nicolae_vaults_little_squares_4, serial_shops,
          shop_statue, basic_altar, uniq_margery
Vaults:5: serial_shops
Crypt:1:  fountainhead, uniq_khufu
Crypt:2:  grunt_megastairs_2
Crypt:3:  grunt_crypt_end_deaths_head
Depths:1: due_jory_tower, enter_ziggurat_c, serial_shops, shop, hell_entry,
          kennysheep_donut, serial_bayou_pond_d, uniq_enchantress, uniq_sojobo
Depths:2: grunt_runaround, hell_entry, abyss_entry
Depths:3: kennysheep_large_spiral, hell_entry, pan_entry, abyss_entry,
          serial_bayou_pond_d, infiniplex_staircase_zigzag_4, uniq_boris
Depths:4: hangedman_surveillance_ring, rand_demon_pan_entry_9, abyss_entry,
          hell_entry, infiniplex_staircase_pool_2, serial_bayou_shore_b,
          firewood_loft, minmay_shop_grove
Pan:      evilmike_mini_pan_T, grunt_pan_sceptre, rand_demon_5, rand_demon_6,
          pan_blood_fountain, nicolae_pan_sigil_eeng, grunt_pan_sceptre,
          lom_lobon_grunt_wind_tunnels, pan_blood_fountain_small
Lab:      labyrinth_spiral, labyrinth_skeletal_remains,
          nicolae_lab_very_dead_end
IceCv:    ice_cave_caverns_02

Skill      XL: |  1  2  3  4  5  6  7  8  9 10 11 12 13 14 15 16 17 18 19 20 21 22 23 24 25 |
---------------+----------------------------------------------------------------------------+-----
Unarmed Combat | 1 2 4 5 6 7 9 12 14 15 17 18 19 21 22 23 24 | 24.0
Fighting       | 5 6 8 9 10 11 12 13 14 15 | 15.6
Invocations    | 3 5 8 10 11 13 14 | 14.5
Dodging        | 3 5 6 8 |  8.4
Transmutations | 5 8 9 10 | 10.2
Earth Magic    | 6 9 11 | 11.7
Spellcasting   | 2 4 5 7 |  7.3
Shields        | 5 11 14 15 | 15.3
Translocations | 2 5 |  5.7
Short Blades   | |  0.7
Stealth        | |  0.4
Evocations     | |  2.1

Action                   |  1- 3 |  4- 6 |  7- 9 | 10-12 | 13-15 | 16-18 | 19-21 | 22-24 | 25-27 || total
-------------------------+-------+-------+-------+-------+-------+-------+-------+-------+-------++-------
Melee: Short sword       |     8 |       |       |       |       |       |       |       |       ||     8
       Unarmed           |    49 |    51 |   140 |   622 |   886 |   649 |   988 |  1139 |    50 ||  4574
       Punch             |       |     1 |     6 |    43 |    67 |    36 |       |       |       ||   153
       Giant spiked club |       |       |       |       |     3 |       |       |       |       ||     3
       Kick              |       |       |       |       |       |       |       |   225 |    12 ||   237
 Fire: Blowgun           |       |       |       |     3 |       |       |       |       |       ||     3
Throw: Javelin           |       |       |     7 |     5 |     1 |       |       |       |       ||    13
       Large rock        |       |       |       |       |       |     2 |     2 |       |       ||     4
 Cast: Animate Skeleton  |       |       |       |     1 |       |       |       |       |       ||     1
       Statue Form       |       |       |       |       |    20 |    48 |    47 |    56 |     1 ||   172
       Apportation       |       |       |       |       |     6 |     1 |     9 |    31 |       ||    47
       Passage of Golubr |       |       |       |       |       |       |       |     4 |       ||     4
       Repel Missiles    |       |       |       |       |       |       |       |     4 |       ||     4
Invok: Lesser Servant of |       |       |       |    23 |    14 |    11 |       |     1 |       ||    49
       Greater Servant o |       |       |       |       |       |       |       |     3 |     1 ||     4
 Abil: Evoke Berserk Rag |       |       |     5 |    14 |     8 |       |       |       |       ||    27
       End Transformatio |       |       |       |       |       |     1 |     6 |    16 |       ||    23
Evoke: Wand              |     2 |     4 |    15 |    51 |     2 |       |    35 |     5 |       ||   114
       Box of beasts     |       |       |       |       |       |       |     1 |       |       ||     1
       Phantom mirror    |       |       |       |       |       |       |     1 |       |       ||     1
  Use: Scroll            |       |       |     5 |    20 |    15 |     6 |    16 |    15 |       ||    77
       Potion            |       |       |       |     1 |     7 |     2 |    10 |     5 |       ||    25
 Stab: Sleeping          |       |       |     2 |       |     2 |     3 |     7 |     2 |       ||    16
       Paralysed         |       |       |       |     1 |       |       |       |     2 |       ||     3
       Distracted        |       |       |       |     2 |     2 |     3 |     1 |     1 |       ||     9
       Betrayed ally     |       |       |       |     1 |       |       |       |       |       ||     1
       Invisible         |       |       |       |       |     2 |       |       |       |       ||     2
  Eat: Chunk             |     6 |     9 |    18 |    64 |    76 |    61 |    75 |    54 |       ||   363
       Pizza             |       |       |       |     1 |     1 |     1 |     1 |       |       ||     4
       Fruit             |       |       |       |       |     3 |       |       |       |       ||     3
       Beef jerky        |       |       |       |       |     1 |       |     1 |       |       ||     2
       Royal jelly       |       |       |       |       |       |     3 |     3 |     6 |       ||    12
       Meat ration       |       |       |       |       |       |       |     1 |     1 |       ||     2
       Bread ration      |       |       |       |       |       |       |       |     6 |       ||     6
Armor: Robe              |    22 |    18 |    40 |    13 |    21 |     6 |     7 |    10 |       ||   137
       Troll hide        |       |       |       |   126 |    96 |       |       |       |       ||   222
       Skin              |       |       |       |       |   252 |   419 |   302 |   554 |    24 ||  1551
Dodge: Dodged            |    24 |    13 |    59 |   216 |   437 |   440 |   318 |   541 |    20 ||  2068
       Deflected         |       |       |       |       |       |       |       |     6 |     1 ||     7
Block: Large shield      |       |       |       |       |       |    52 |  1042 |  1560 |    58 ||  2712
